 Dungeon Crawl Stone Soup version 0.31-a0-1603-gbec6b6ccbf (webtiles) character file.

Game seed: 11394749858437048746

65 TheScarfBastard the Trooper (level 3, 0/30 HPs)
             Began as a Demonspawn Berserker on Jan 7, 2024.
             Was a Follower of Trog.
             Slain by wildpjah's ghost (2 damage)
             ... on level 3 of the Dungeon.
             The game lasted 00:04:33 (1634 turns).

TheScarfBastard the Trooper (Demonspawn Berserker)  Turns: 1634, Time: 00:04:33

Health: 0/30       AC:  5    Str: 19    XL:     3   Next: 92%
Magic:  3/3        EV: 17    Int:  7    God:    Trog [*.....]
Gold:   119        SH:  0    Dex: 12    Spells: 2/2 levels left

rFire   . . .        a - +0 hand axe
rCold   . . .        (no shield)
rNeg    . . .        j - +0 leather armour
rPois   .            (no helmet)
rElec   .            (no cloak)
rCorr   .            (no gloves)
SInv    .            (no boots)
Will    .....        (no amulet)
Stlth   +            f - +5 ring of evasion
HPRegen 0.25/turn    (no ring)
MPRegen 0.08/turn

%: no passive effects
@: confused, on berserk cooldown, slowed, very slow
A: yellow scales 1, demonic magic 1
a: Renounce Religion, Berserk


You were on level 3 of the Dungeon.
You worshipped Trog.
Trog was aware of your devotion.
You visited 1 branch of the dungeon, and saw 3 of its levels.

You collected 119 gold pieces.

Inventory:

Hand Weapons
 a - a +0 hand axe (weapon)
Armour
 b - a +0 animal skin
 j - a +0 leather armour (worn)
Jewellery
 f - a +5 ring of evasion (left hand)
Scrolls
 c - a scroll of vulnerability {unknown}
 d - 2 scrolls of revelation
 e - a scroll of poison
 i - a scroll of blinking
Potions
 g - a potion of curing {unknown}
 h - a potion of lignification {unknown}
 l - a potion of haste {unknown}


   Skills:
 + Level 3.7 Fighting
 + Level 3.5 Axes
 + Level 1.8 Armour
 + Level 2.1 Dodging
 + Level 0.1 Stealth


You had 2 spell levels left.
You didn't know any spells.
Your spell library was empty.

Dungeon Overview and Level Annotations

Branches:
Dungeon (3/15)

Altars:

Annotations:
D:3 wildpjah's ghost, amateur DEEn


Innate Abilities, Weirdness & Mutations

You are partially covered in yellow scales. (AC +2)
Spells you cast may paralyse adjacent enemies.


Message History

You closely miss the hobgoblin.
The hobgoblin is moderately wounded.
You miss wildpjah's ghost. The hobgoblin hits you. Wildpjah's ghost hits you.
You closely miss the hobgoblin.
The hobgoblin is moderately wounded.
You barely miss wildpjah's ghost. The hobgoblin hits you.
Wildpjah's ghost points at you and mumbles some strange words.
You resist with significant effort. The hobgoblin closely misses you.
Wildpjah's ghost gestures at you while chanting.
You resist with significant effort.
Okay, then.
Wildpjah's ghost attacks as it pursues you!
Wildpjah's ghost barely misses you. The hobgoblin misses you.
Wildpjah's ghost casts a spell at you.
You are more confused.
The hobgoblin hits you.
Wildpjah's ghost hits you but does no damage.
There is an open translucent gate here.
You bump into the translucent stone wall.
The hobgoblin hits you but does no damage.
Wildpjah's ghost misses you.
You're too confused to move!
The hobgoblin misses you. Wildpjah's ghost barely misses you.
The hobgoblin closely misses you. Wildpjah's ghost hits you.
* * * LOW HITPOINT WARNING * * *
You miss wildpjah's ghost. You hit the hobgoblin. The hobgoblin misses you.
Wildpjah's ghost hits you but does no damage.
The hobgoblin closely misses you. Wildpjah's ghost hits you.
* * * LOW HITPOINT WARNING * * *
The hobgoblin hits you.
* * * LOW HITPOINT WARNING * * *
Wildpjah's ghost hits you but does no damage.
You're too confused to move!
The hobgoblin hits you but does no damage.
Wildpjah's ghost hits you but does no damage.
The hobgoblin barely misses you. The hobgoblin hits you.
* * * LOW HITPOINT WARNING * * *
Wildpjah's ghost hits you.
You die...

....# ## .....#####
..## ......... .....
......... .....
........#########
.......#.......#
#...#.....?.#
##..'.....$.#
##.@g).....).#
#...W).......#
#.##....#.....$.#
##.#.....#.......#
##....##..#########
.....##...........
#####....##...........
.......#.##..........#
#...#.#.....#.#####


You could see wildpjah's ghost and a hobgoblin.

Vanquished Creatures
  2 adders
  A ribbon worm (D:2)
  2 dart slugs
  3 ball pythons
  5 endoplasms
  A giant cockroach (D:1)
  3 goblins
  2 hobgoblins (D:1)
  2 jackals (D:1)
  A quokka (D:1)
  7 bats
  2 frilled lizards
  5 kobolds
  3 rats (D:1)
39 creatures vanquished.

Notes
Turn   | Place    | Note
-------+----------+-------------------------------------------
     0 | D:1      | TheScarfBastard the Demonspawn Berserker began the quest
                  | for the Orb.
     0 | D:1      | Reached XP level 1. HP: 18/18 MP: 1/1
   112 | D:1      | Gained mutation: Spells you cast may paralyse adjacent
                  | enemies. [demonic ancestry]
   112 | D:1      | Reached XP level 2. HP: 23/24 MP: 2/2
   179 | D:1      | Found a faded altar of an unknown god.
   675 | D:2      | Gained mutation: You are partially covered in yellow
                  | scales. (AC +2) [demonic ancestry]
   675 | D:2      | Reached XP level 3. HP: 22/29 MP: 3/3
  1593 | D:3      | Found a runed translucent gate.
  1596 | D:3      | Found a runed translucent gate.
  1597 | D:3      | Found a runed translucent gate.
  1603 | D:3      | Noticed wildpjah's ghost (amateur DEEn)
  1634 | D:3      | Slain by wildpjah's ghost

Illustrated notes

Levels and vault maps discovered:
D:1:      eino_arrival_druids_welcome, layout_basic,
          shapermc_ecumenical_altar_notcrosses, minmay_hexomino_f4
D:2:      layout_loops_ring
D:3:      layout_loops_corners, fedhas_ov_isle_minmay, serial_shops, shop,
          gammafunk_ghost_split, minmay_misc_feat_room

Skill      XL: |  1  2 |
---------------+-------+-----
Axes           | 3 |  3.5
Dodging        | 2 |  2.1
Fighting       | |  3.7
Armour         | |  1.8
Stealth        | |  0.1

Action                     || total
---------------------------++-------
  Melee: Hand axe          ||   142
 Invoke: Berserk           ||     3
    Use: Scroll            ||     4
   Stab: Sleeping          ||     1
 Armour: Animal skin       ||    63
         Leather armour    ||    32
  Dodge: Dodged            ||   139

Table legend: (Time is in decaauts)
 A = Elapsed time spent in this place.
 B = Non-inter-level travel time spent in this place.
 C = Inter-level travel time spent in this place.
 D = Time resting spent in this place.
 E = Time spent auto-exploring this place.
 F = Levels seen in this place.
 G = Mean time per level.
                   A        B        C        D        E       F      G
               +--------+--------+--------+--------+--------+-----+--------+
         Total |   1683 |   1651 |     32 |      0 |   1113 |   3 |  561.0 |
       Dungeon |   1683 |   1651 |     32 |      0 |   1113 |   3 |  561.0 |
               +--------+--------+--------+--------+--------+-----+--------+

Top non-repeatable levels by time:
     D:2: 812 daAuts
     D:1: 511 daAuts
     D:3: 358 daAuts
